Map: Halción

Players

MrFercho - Winner!

  • Race: Terran Terran
  • Spawn Location: 3:00

tigro

  • Race: Terran Terran
  • Spawn Location: 9:00

VOD

Have the link to the VOD?

Description

Time

  • Played on: March 20, 2020, 10:55 p.m.
  • Length: 60:24
Show
View Real Time Build Order
Export as new Build Order

MrFercho Terran - Winner!

Build Orders:  

Get SALT Encoding   

  12  0:04  SCV  
  13  0:16  SCV  
  14  0:28  SCV  
  15  0:42  Supply Depot  
  15  0:51  Refinery  
  15  1:03  SCV  
  16  1:10  Engineering Bay  
  16  1:16  SCV  
  17  1:40  Barracks  
  17  1:49  Barracks  
  17  1:52  SCV  
  18  2:03  Supply Depot  
  18  2:04  SCV  
  19  2:16  SCV  
  20  2:26  Supply Depot  
  20  2:28  SCV  
  21  2:31  Barracks Tech Lab  
  21  2:40  Barracks Tech Lab  
  21  2:41  SCV  
  21  2:42  Refinery  
  22  3:05  Command Center, Marine x2  
  24  3:19  SCV  
  25  3:23  Marauder  
  25  3:24  Marauder  
  29  3:32  Orbital Command  
  29  3:37  Combat Shield  
  29  3:39  Concussive Shells  
  29  3:44  Marine x2  
  31  4:04  SCV  
  32  4:16  SCV  
  33  4:19  Refinery  
  33  4:21  Refinery  
  33  4:28  SCV  
  34  4:37  SCV  
  35  4:40  SCV  
  36  4:49  SCV  
  36  4:52  SCV  
  38  4:56  Stimpack  
  38  5:01  SCV  
  38  5:14  SCV  
  38  5:26  SCV  
  33  6:07  Marine  
  33  6:08  Marine  
  35  6:17  SCV x2  
  37  6:25  Marine x2  
  37  6:29  SCV x2  
  41  6:33  Supply Depot  
  41  6:41  SCV x2  
  41  6:43  Marine x2  
  45  6:53  SCV x2  
  47  6:56  Supply Depot  
  47  7:01  Marine x2  
  47  7:05  SCV  
  50  7:11  Terran Infantry Weapons Level 1  
  50  7:19  Marine x2  
  50  7:22  Engineering Bay  
  52  7:41  Factory  
  52  7:45  Factory  
  52  7:47  Factory  
  52  7:48  Engineering Bay  
  52  8:06  Refinery  
  52  8:10  Command Center  
  52  8:12  Refinery  
  52  8:20  Terran Infantry Armor Level 1  
  52  8:22  Neosteel Armor  
  52  8:46  Starport  
  52  9:06  Armory  
  52  9:08  Armory  
  52  9:10  Armory  
  52  9:23  Starport  
  50  10:01  Starport  
  50  10:13  Orbital Command  
  50  10:32  Starport Tech Lab x2  
  50  10:37  Starport  
  50  10:38  Factory Tech Lab x3  
  50  10:59  Sensor Tower  
  50  11:09  Sensor Tower  
  50  11:17  Starport  
  50  11:18  Sensor Tower  
  50  11:22  SCV  
  50  11:34  SCV  
  51  11:46  SCV  
  52  11:51  Starport Tech Lab x2  
  52  11:54  Starport  
  52  11:56  Terran Ship Weapons Level 1, Terran Vehicle And Ship Armor Level 1, Terran Vehicle Weapons Level 1  
  52  11:58  SCV  
  53  12:01  Terran Infantry Weapons Level 2, Terran Infantry Armor Level 2  
  53  12:03  Hi-Sec Auto Tracking  
  53  12:09  Thor  
  53  12:10  Thor x2, SCV  
  72  12:27  SCV x3  
  75  12:39  SCV x3  
  75  12:42  Supply Depot  
  78  12:44  Supply Depot  
  78  12:47  Supply Depot  
  78  12:51  SCV x2  
  78  12:52  Cyclone, SCV  
  84  13:03  SCV x2, Cyclone x2  
  84  13:04  Supply Depot  
  92  13:06  Supply Depot  
  92  13:13  Bunker  
  92  13:15  Bunker  
  92  13:17  Bunker  
  92  13:25  Widow Mine  
  94  13:35  Widow Mine  
  94  13:36  Widow Mine  
  94  13:37  Starport Tech Lab  
  94  13:38  Starport Tech Lab  
  98  13:47  Bunker  
  98  13:48  Bunker  
  98  13:49  Missile Turret  
  98  13:51  Terran Ship Weapons Level 2  
  98  13:52  Terran Vehicle Weapons Level 2  
  98  13:53  Terran Vehicle And Ship Armor Level 2  
  98  14:09  Missile Turret  
  98  14:17  Missile Turret  
  98  14:21  Missile Turret  
  98  15:01  Marine x2  
  100  15:19  Marine x2  
  102  15:37  Marine x2  
  104  15:54  Marine  
  104  15:55  Marine  
  104  15:56  Command Center  
  106  15:57  Refinery  
  106  16:01  Refinery  
  106  16:12  Marine x2  
  108  16:30  Marine x2  
  110  16:36  Siege Tank x3  
  119  16:44  Orbital Command  
  119  16:48  Marine x2  
  121  17:06  Marine x2  
  123  17:23  Marine  
  123  17:24  Marine  
  125  17:30  Command Center  
  125  17:33  Refinery x2  
  125  18:14  Terran Vehicle And Ship Armor Level 3, Terran Ship Weapons Level 3, Terran Vehicle Weapons Level 3  
  125  18:17  Infernal Pre-Igniter  
  125  18:18  Mag-Field Accelerator, Drilling Claws  
  125  18:23  Cloaking Field, Corvid Reactor  
  125  18:25  Hyperflight Rotors  
  125  18:34  Fusion Core  
  125  18:35  Fusion Core  
  125  18:38  Fusion Core  
  125  19:35  Smart Servos  
  125  19:45  Command Center  
  125  19:49  Refinery x2  
  125  19:57  Orbital Command  
  124  21:02  Bunker  
  124  21:10  Missile Turret  
  124  21:31  Missile Turret  
  124  21:32  Orbital Command  
  124  21:35  Factory  
  124  21:50  Medivac x3  
  124  21:51  Medivac  
  132  21:54  Factory  
  132  22:04  Terran Infantry Weapons Level 3  
  132  22:05  Terran Infantry Armor Level 3  
  132  22:09  Rapid Reignition System, Advanced Ballistics, Weapon Refit  
  132  22:15  Battlecruiser x2  
  144  22:20  Viking x3  
  144  22:21  Banshee  
  153  22:29  Thor x2  
  165  22:31  Cyclone  
  168  22:42  Marauder x2  
  172  22:50  Banshee x3  
  181  23:03  Marauder, Marine, Cyclone  
  181  23:04  Banshee  
  190  23:12  Siege Tank x2  
  196  23:19  Banshee  
  199  23:21  Marine  
  200  23:29  Sensor Tower, Factory Tech Lab x2  
  200  23:50  Command Center  
  200  24:00  Orbital Command  
  200  25:05  Refinery  
  200  25:29  Refinery  
  200  25:44  Missile Turret  
  200  25:45  Missile Turret x2  
  200  25:50  Missile Turret  
  200  25:51  Missile Turret  
  200  25:52  Missile Turret x2  
  200  25:53  Missile Turret  
  200  25:55  Missile Turret  
  200  25:57  Missile Turret x2  
  200  25:58  Missile Turret  
  200  26:02  Missile Turret  
  200  26:07  Missile Turret x2  
  200  26:08  Missile Turret  
  200  26:10  Missile Turret  
  200  26:15  Missile Turret  
  200  26:19  Missile Turret  
  200  26:20  Missile Turret x2  
  200  26:22  Missile Turret  
  200  26:24  Missile Turret  
  200  26:25  Missile Turret  
  200  26:29  Missile Turret  
  173  28:46  Cyclone x2  
  176  29:18  Siege Tank x2  
  182  29:26  Battlecruiser  
  182  29:27  Battlecruiser x2  
  106  31:54  Banshee x2  
  106  31:55  Banshee x4  
  124  32:06  Thor x3  
  142  32:15  Marine x2  
  144  32:32  Marine  
  144  32:33  Marine  
  146  32:37  Viking x2  
  146  32:38  Viking x4  
  158  32:48  Thor  
  158  32:49  Thor, Siege Tank  
  158  32:50  Marine  
  176  32:51  Marauder  
  176  33:07  Viking  
  176  33:09  Marauder  
  176  33:12  Marauder  
  182  33:21  Siege Tank  
  185  33:30  Marauder  
  185  33:31  Siege Tank  
  185  33:32  Siege Tank  
  185  33:34  Marauder  
  195  33:53  Siege Tank  
  166  36:01  Viking x6  
  178  36:30  Viking  
  178  36:31  Viking x5  
  190  37:00  Viking  
  190  37:01  Viking x4  
  200  38:06  Command Center  
  200  38:08  Refinery  
  200  38:12  Refinery  
  85  40:54  Banshee  
  85  40:55  Banshee x5  
  103  41:09  Thor  
  103  41:10  Thor x2  
  121  41:38  Battlecruiser x5  
  121  41:39  Battlecruiser  
  157  41:52  Thor  
  157  41:53  Siege Tank x2  
  169  42:25  Siege Tank x2  
  175  42:35  Thor  
  181  42:42  Battlecruiser x2  
  191  42:57  Thor x2  
  158  43:13  Viking x3  
  158  43:14  Viking  
  158  43:18  Thor  
  172  43:22  Marauder x2  
  176  43:40  Thor x2  
  188  43:43  Viking x4  
  188  43:44  Marauder x2  
  86  50:09  Battlecruiser x4  
  86  50:10  Battlecruiser x2  
  122  51:13  Battlecruiser x3  
  122  51:14  Battlecruiser x3  
  148  52:17  Battlecruiser  
  148  52:18  Battlecruiser x5  
  184  53:22  Battlecruiser x2  
Show
View Real Time Build Order
Export as new Build Order

tigro Terran 

Build Orders:  

Get SALT Encoding   

  12  0:05  SCV  
  13  0:20  Supply Depot  
  13  0:26  SCV  
  14  0:38  SCV  
  15  0:55  Barracks  
  15  0:59  Refinery  
  15  1:06  SCV, Refinery  
  16  1:18  SCV  
  17  1:35  Supply Depot  
  17  1:44  Barracks, Marine  
  18  1:56  SCV  
  19  2:02  Marine  
  20  2:08  SCV  
  21  2:19  Marine  
  21  2:21  Engineering Bay, SCV  
  23  2:33  SCV  
  24  2:37  Marine  
  24  2:42  Barracks Tech Lab  
  25  2:45  SCV  
  26  2:55  Marine  
  27  3:05  Factory  
  27  3:35  Command Center  
  27  3:45  Barracks Tech Lab  
  27  3:47  Combat Shield  
  27  4:04  Orbital Command  
  27  4:28  Factory Tech Lab  
  27  4:39  Factory  
  27  4:51  Refinery  
  27  4:52  Planetary Fortress  
  26  5:09  Marauder  
  24  5:14  Marine  
  25  5:30  Marauder  
  25  5:31  Refinery  
  25  5:32  Marine  
  25  5:50  Marine  
  26  6:08  Barracks Tech Lab, Marine  
  27  6:23  SCV  
  28  6:35  SCV  
  28  6:38  Stimpack  
  29  6:43  Marauder  
  29  6:45  Marine  
  32  6:47  SCV  
  32  6:49  Factory Tech Lab  
  32  6:51  Infernal Pre-Igniter  
  33  6:55  Siege Tank  
  36  7:03  Marine, SCV  
  36  7:04  Marauder  
  40  7:15  SCV  
  40  7:20  Marine  
  42  7:25  Marauder  
  42  7:27  Supply Depot  
  44  7:30  SCV  
  45  7:38  Marine  
  46  7:48  SCV  
  46  7:49  Marauder  
  49  7:56  Marine, Missile Turret  
  50  8:01  SCV  
  51  8:07  Terran Infantry Weapons Level 1  
  51  8:10  Mag-Field Accelerator  
  51  8:13  SCV  
  51  8:18  Concussive Shells  
  52  8:25  SCV  
  53  8:36  Missile Turret  
  53  8:43  Supply Depot  
  53  9:04  Siege Tank  
  53  9:08  Missile Turret  
  53  9:09  Missile Turret  
  56  9:13  Marauder  
  56  9:15  Marine  
  59  9:31  Supply Depot  
  59  9:33  Marine  
  59  9:35  Marauder  
  62  9:53  Siege Tank  
  65  10:01  Terran Infantry Armor Level 1  
  65  10:06  Missile Turret  
  65  10:23  Armory  
  65  10:25  Siege Tank  
  68  11:08  Starport  
  68  11:23  Missile Turret  
  68  11:46  Terran Vehicle Weapons Level 1  
  68  11:51  Drilling Claws  
  68  11:55  Hi-Sec Auto Tracking  
  68  11:57  Starport Tech Lab  
  68  12:11  Command Center  
  68  12:25  Medivac  
  68  12:28  Corvid Reactor, Missile Turret  
  70  12:48  Supply Depot  
  70  12:52  Neosteel Armor  
  70  13:09  Smart Servos  
  70  13:10  Thor, SCV  
  77  13:17  Missile Turret  
  77  13:22  Medivac, SCV  
  77  13:23  Siege Tank  
  77  13:26  Missile Turret  
  83  13:33  Missile Turret  
  83  13:34  SCV  
  83  13:40  Terran Vehicle And Ship Armor Level 1  
  84  13:44  SCV  
  84  13:46  SCV  
  84  13:47  Cloaking Field  
  86  13:52  Medivac  
  88  13:55  Siege Tank  
  88  13:56  SCV  
  88  13:58  SCV  
  93  14:06  Fusion Core  
  93  14:18  Engineering Bay  
  93  14:31  Terran Infantry Weapons Level 2  
  93  14:57  Command Center  
  93  15:02  Starport  
  93  15:06  Hyperflight Rotors  
  93  15:21  Armory  
  93  15:34  Terran Ship Weapons Level 1  
  93  15:46  Starport Tech Lab  
  93  16:09  Refinery  
  93  16:19  Missile Turret  
  93  16:27  Refinery  
  93  16:46  Supply Depot  
  93  16:47  Terran Infantry Armor Level 2  
  93  16:59  Missile Turret  
  93  17:28  Terran Vehicle Weapons Level 2  
  93  17:45  Missile Turret  
  93  17:47  Supply Depot  
  93  17:52  Battlecruiser  
  93  17:56  Weapon Refit  
  99  17:58  Missile Turret  
  99  18:15  Planetary Fortress  
  99  18:54  Planetary Fortress  
  99  18:57  Battlecruiser  
  99  19:00  Missile Turret  
  105  19:17  Siege Tank  
  105  19:20  Missile Turret  
  105  19:23  Marauder  
  110  19:26  Marine  
  110  19:27  Missile Turret  
  111  19:37  Rapid Reignition System  
  111  19:43  Marine  
  111  19:44  Marauder  
  114  19:49  Siege Tank  
  114  19:50  Missile Turret  
  117  19:53  Supply Depot  
  117  20:01  Marine, Battlecruiser  
  124  20:15  Marauder  
  124  20:19  Marine  
  127  20:21  Siege Tank  
  127  20:23  Supply Depot  
  130  20:29  Missile Turret  
  130  20:33  Advanced Ballistics  
  130  20:36  Marauder  
  132  20:44  Marine  
  133  20:52  Missile Turret  
  133  20:53  Siege Tank  
  136  20:57  Marauder  
  136  20:58  Barracks  
  138  21:05  Supply Depot  
  138  21:27  Battlecruiser, Siege Tank  
  147  21:49  Missile Turret  
  147  22:12  Missile Turret  
  147  22:48  Missile Turret  
  147  22:54  Supply Depot  
  147  23:16  Battlecruiser  
  153  23:35  Refinery  
  153  23:38  Refinery  
  153  24:17  Supply Depot  
  153  24:22  Barracks Tech Lab  
  153  24:30  Terran Vehicle Weapons Level 3  
  153  24:34  Terran Infantry Weapons Level 3  
  153  24:39  Battlecruiser  
  159  25:08  Command Center  
  159  25:27  Missile Turret  
  159  25:35  Supply Depot  
  159  25:56  Thor, Battlecruiser  
  171  26:20  Command Center  
  171  26:39  Thor  
  177  26:54  Refinery  
  177  27:01  Battlecruiser  
  183  27:04  Siege Tank  
  183  27:07  Terran Vehicle And Ship Armor Level 2  
  186  27:11  Terran Infantry Armor Level 3, Missile Turret  
  186  27:30  Supply Depot  
  173  28:27  Supply Depot  
  173  28:50  Supply Depot  
  173  28:59  Planetary Fortress  
  173  29:11  Viking, Siege Tank  
  178  29:23  Terran Ship Weapons Level 2  
  178  29:26  Missile Turret  
  176  29:41  Viking  
  176  29:43  Siege Tank  
  178  29:57  Battlecruiser  
  166  30:11  Viking  
  168  30:15  Siege Tank  
  168  30:41  Viking  
  170  30:48  Siege Tank  
  173  32:00  Supply Depot  
  173  32:12  Supply Depot  
  173  32:33  Viking  
  175  34:39  Planetary Fortress  
  175  34:40  Refinery  
  175  34:55  Command Center  
  175  35:00  Missile Turret  
  169  36:04  Missile Turret  
  169  36:12  Raven  
  171  36:18  Starport  
  171  36:20  Thor  
  177  36:27  Terran Vehicle And Ship Armor Level 3  
  177  36:39  Missile Turret  
  177  36:55  Raven  
  179  37:03  Thor  
  179  37:04  Planetary Fortress  
  185  37:30  Missile Turret  
  185  37:38  Viking  
  187  38:08  Viking  
  189  38:30  Command Center  
  189  38:36  Refinery  
  189  38:38  Viking  
  191  38:41  Battlecruiser  
  161  38:59  Marine  
  113  39:04  Terran Ship Weapons Level 3  
  113  39:05  Thor  
  75  39:17  Marine  
  70  39:30  Marauder  
  72  39:33  Marine  
  72  39:34  Marine  
  78  39:45  Battlecruiser  
  78  39:48  Thor, Battlecruiser  
  78  39:51  Marauder, Marine  
  80  40:09  Marine  
  75  40:26  Marine  
  76  40:30  Thor  
  81  40:44  Marine  
  81  40:49  Battlecruiser  
  88  40:52  Thor  
  88  40:53  Battlecruiser  
  100  41:03  Barracks Tech Lab  
  100  41:13  Thor  
  106  41:35  Thor  
  112  41:44  Marine  
  113  41:54  Battlecruiser  
  119  41:56  Thor  
  119  41:57  Battlecruiser  
  131  42:01  Marine  
  131  42:06  Missile Turret  
  132  42:18  Thor  
  132  42:19  Marine  
  139  42:37  Marine  
  132  42:50  Barracks  
  132  42:55  Marine  
  132  42:58  Medivac  
  135  43:01  Thor, Battlecruiser  
  147  43:13  Marine  
  148  43:28  Medivac  
  148  43:30  Marine  
  151  43:44  Barracks Tech Lab  
  151  43:49  Marauder  
  151  43:52  Barracks  
  153  43:57  Supply Depot  
  153  43:58  Medivac  
  155  44:05  Battlecruiser  
  161  44:10  Marauder  
  163  44:20  Refinery  
  163  44:27  Raven  
  163  44:30  Refinery  
  165  44:32  Marauder  
  167  44:40  Siege Tank  
  167  44:43  Missile Turret  
  170  44:49  Thor  
  176  44:53  Marauder  
  178  45:09  Medivac  
  178  45:10  Raven  
  178  45:13  Siege Tank  
  187  45:14  Marauder  
  187  45:15  Missile Turret  
  187  45:32  Thor  
  186  45:35  Marauder  
  186  45:39  Banshee  
  158  45:45  Siege Tank  
  124  45:53  Battlecruiser  
  132  45:57  Marauder  
  104  46:17  Siege Tank  
  100  46:18  Marauder  
  100  46:22  Banshee  
  83  46:40  Marauder  
  82  46:48  Marine  
  82  46:49  Siege Tank  
  84  46:58  Battlecruiser  
  86  47:05  Battlecruiser  
  91  47:15  Refinery  
  84  48:02  Battlecruiser  
  84  48:09  Viking  
  71  48:39  Viking  
  67  49:09  Viking  
  69  49:23  Engineering Bay  
  61  49:39  Viking  
  59  50:03  Missile Turret  
  56  50:28  Missile Turret  
  56  50:33  SCV  
  57  50:45  SCV  
  57  50:56  Barracks  
  46  51:07  Missile Turret  
  42  51:54  Missile Turret  
  41  52:21  Barracks Tech Lab  
  36  52:37  Missile Turret  
  29  53:01  Missile Turret  
  29  53:04  Marine  
  27  53:18  Missile Turret  
  27  53:22  Marine  
  28  53:39  Marine  
  23  53:49  Missile Turret  
  23  54:01  Missile Turret  
  23  54:13  Missile Turret  
  16  54:42  Command Center  
  16  54:45  Missile Turret  
  16  55:08  Missile Turret  
  16  55:21  Missile Turret  
  10  55:48  Barracks  
  7  56:00  Engineering Bay  
  4  57:47  Command Center  
  1  59:04  Supply Depot  
  1  59:11  SCV  
  2  59:24  SCV  
  3  59:35  Barracks  
  3  59:36  SCV  
  4  59:48  SCV  
  5  59:54  Engineering Bay  
  5  60:00  SCV  
Tags
 
Matchup
TvT
Race
Terran
Replay Pack
MrFercho
Spawn Locations
Cross Positions
Add a new tag
Caveats
  • Supply blocks, unpowered buildings, or Contaminate may cause inaccurate times.
  • Supply counts are checked every 10 seconds.